 Dungeon Crawl Stone Soup version 0.28-a0-919-g0b5b508569 (webtiles) character file.

Game seed: 6597335741550475633

2170 timneilson the Shield-Bearer (level 9, 0/54 HPs)
             Began as a Gargoyle Fighter on Nov 25, 2021.
             Was an Initiate of Okawaru.
             Slain by a wight (3 damage)
             ... on level 7 of the Dungeon.
             The game lasted 00:13:05 (6492 turns).

timneilson the Shield-Bearer (Gargoyle Fighter)     Turns: 6492, Time: 00:13:05

Health: 0/54       AC: 16    Str: 22    XL:     9   Next: 32%
Magic:  0/9        EV: 10    Int: 10    God:    Okawaru [......]
Gold:   1430       SH:  5    Dex:  9    Spells: 8/8 levels left

rFire   + . .      SeeInvis .   a - +1 long sword (spect)
rCold   . . .      Faith    .   c - +0 buckler
rNeg    + . .      Spirit   +   b - +0 scale mail
rPois   ∞          Reflect  .   (no helmet)
rElec   +          Harm     .   m - +1 cloak
rCorr   .          Rampage  +   (no gloves)
Will    .....                   (no boots)
Stlth   ..........              q - amulet "Sesoo" {Spirit Rampage}
HPRegen 0.18/turn               e - ring of protection from fire
MPRegen 0.11/turn               (no ring)

@: mighty, studying Evocations
A: sickness immunity, AC +6, negative energy resistance 1, electricity
resistance, torment resistance 1, petrification resistance
a: Renounce Religion


You were on level 7 of the Dungeon.
You worshipped Okawaru.
Okawaru was noncommittal.
You visited 2 branches of the dungeon, and saw 8 of its levels.
You also visited: Ossuary.

You collected 1430 gold pieces.

Inventory:

Hand Weapons
 a - a +1 spectral long sword (weapon)
Armour
 b - a +0 scale mail (worn)
 c - a +0 buckler (worn)
 m - a +1 cloak (worn)
Jewellery
 e - a ring of protection from fire (left hand)
 q - the amulet "Sesoo" (around neck) {Spirit Rampage}
   (You found it on level 5 of the Dungeon)

   [amulet of guardian spirit]

   It causes incoming damage to be divided between your reserves of health and
   magic.
   Rampage:   It bestows one free step when moving towards enemies.
 t - a ring of ice
Wands
 r - a wand of paralysis (10)
Scrolls
 f - 5 scrolls of teleportation
 o - 2 scrolls of enchant armour
 p - a scroll of fear
 s - 2 scrolls of magic mapping
 x - 2 scrolls of enchant weapon
 y - a scroll of brand weapon
 B - a scroll of holy word
Potions
 d - 2 potions of might
 g - 2 potions of attraction
 h - 2 potions of mutation
 i - 2 potions of haste
 k - a potion of berserk rage
 l - 5 potions of curing
 n - a potion of flight
 u - a potion of cancellation {unknown}
 w - a potion of resistance {unknown}
 z - a potion of invisibility {unknown}
 A - a potion of magic {unknown}
 C - a potion of brilliance {unknown}
 D - a potion of lignification {unknown}


   Skills:
 + Level 5.4 Fighting
 * Level 5.6 Long Blades
 * Level 7.0 Armour
 + Level 3.0 Dodging
 * Level 7.1 Shields
 + Level 4.6 Evocations


You had 8 spell levels left.
You didn't know any spells.
Your spell library contained the following spells:

 Spells                   Type           Power      Damage    Failure   Level
 Sandblast                Erth           0%         2d4       65%         1
 Corpse Rot               Necr/Air       0%         N/A       80%         2
 Poisonous Vapours        Pois/Air       0%         N/A       80%         2
 Stone Arrow              Conj/Erth      0%         3d7       95%         3
 Freezing Cloud           Conj/Ice/Air   0%         6-21      100%        5
 Metabolic Englaciation   Hex/Ice        0%         N/A       100%        5


Dungeon Overview and Level Annotations

Branches:
Dungeon (7/15)             Temple (1/1) D:7         Ossuary (visited)

Altars:
Ashenzari
Cheibriados
Elyvilon
Gozag
Kikubaaqudgha
Nemelex Xobeh
Okawaru
Qazlal
Ru
Vehumet
Xom
Zin


Innate Abilities, Weirdness & Mutations

You are immune to sickness and miasma.
Your stone body is resilient. (AC +6)
You are immune to poison.
You resist negative energy. (rN+)
You are resistant to electric shocks. (rElec)
You are resistant to unholy torment.
You are immune to petrification.


Message History

The wight misses you.
Your Armour skill increases to level 7!
Your Dodging skill increases to level 3!
Your Shields skill increases to level 7!
You have reached level 9!
Your experience leads to an increase in your attributes!
Increase (S)trength, (I)ntelligence, or (D)exterity?
You feel stronger.
You feel much better. The wight hits you with a +3 falchion!
The wight hits you but does no damage.
You barely miss the wight.
Your +1 spectral long sword hits the wight!
The wight hits you with a +3 falchion.
* * * LOW HITPOINT WARNING * * *
The wight hits you but does no damage.
The wight hits your +1 spectral long sword with a +4 hand axe.
Unknown command.
You closely miss the wight.
The wight is severely damaged.
Your +1 spectral long sword hits the wight but does no damage.
The wight hits you with a +3 falchion!
* * * LOW HITPOINT WARNING * * *
The wight hits you but does no damage.
The wight barely misses your +1 spectral long sword.
You slash the wight!
You destroy the wight!
Okawaru accepts your kill. The wight hits you but does no damage.
You block the wight's attack.
Unknown command.
You hit the wight.
The wight is lightly damaged.
Your +1 spectral long sword barely misses the wight.
The wight hits you with a +3 falchion.
* * * LOW HITPOINT WARNING * * *
Unknown command.
You closely miss the wight.
The wight is lightly damaged.
Your +1 spectral long sword hits the wight.
The wight hits you with a +3 falchion.
You die...

***** ********* * ,,,,* *,,,,,,,*
*******# ***,*
*,*****,##**********,,,,,,.
***,***,* *,#.,,,,,,,,,,,*****#
,,,><,,,* *,#.************ #
#**.#**** #,#.* #### .##.#
#.#z##############... ..bb#
#..(@...............#
.#..##******#..#.#####...#####..#
.#...,,,,,....,#.####.###.## #...
...##########,*#.....## ##.###...
.>.#......# *.*#..#.## ##.##...
...#.####.# *.##..#.# #......
##.#.# #.# *,....#.## ##.###.#
*#...# #.#####...##.## ##.## #.#
*#.### #)........###.###.## #.#


You could see a wight and a friendly +1 spectral long sword (summoned).

Vanquished Creatures
  A two-headed ogre (D:7)
  A water moccasin (D:6)
  A necrophage (D:6)
  A sky beast (D:6)
  2 ogres
  An elf zombie (Ossuary)
  A bullfrog (D:4)
  A scorpion (D:5)
  6 wights
  A bullfrog skeleton (D:4)
  A centaur zombie (D:6)
  A gnoll shaman (D:7)
  4 hounds (D:5)
  A jelly (D:4)
  2 iguanas
  A scorpion zombie (D:5)
  An orc wizard (D:3)
  A hound skeleton (D:4)
  3 mummies (Ossuary)
  5 gnolls (D:7)
  2 howler monkey skeletons
  7 adders
  2 white imps
  An ufetubus (D:4)
  2 adder zombies (Ossuary)
  2 adder skeletons
  3 worms
  5 dart slugs
  15 orcs
  6 ball pythons
  4 bats
  4 endoplasms (D:2)
  9 giant cockroaches
  6 goblins
  7 hobgoblins
  11 jackals
  2 quokkas (D:4)
  5 frilled lizards
  6 hobgoblin zombies (Ossuary)
  9 kobolds
  5 kobold zombies (Ossuary)
  3 quokka zombies (Ossuary)
  2 rats (D:1)
  A rat zombie (Ossuary)
155 creatures vanquished.

Notes
Turn   | Place    | Note
-------+----------+-------------------------------------------
     0 | D:1      | timneilson the Gargoyle Fighter began the quest for the
                  | Orb.
     0 | D:1      | Reached XP level 1. HP: 14/14 MP: 1/1
   335 | D:1      | Reached XP level 2. HP: 10/19 MP: 2/2
   867 | D:2      | Reached XP level 3. HP: 22/23 MP: 3/3
  1577 | D:2      | Reached XP level 4. HP: 28/28 MP: 4/4
  2299 | D:2      | Identified a scroll of acquirement
  2299 | D:2      | Acquired a manual of Evocations
  2787 | D:3      | Reached XP level 5. HP: 31/33 MP: 5/5
  3273 | D:3      | Reached skill level 1 in Dodging
  3455 | D:3      | Found a radiant altar of Vehumet.
  3458 | D:3      | Found a shimmering altar of Xom.
  3459 | D:3      | Acquired 1033 gold pieces
  3576 | D:4      | Reached skill level 1 in Evocations
  3739 | D:4      | Reached XP level 6. HP: 35/38 MP: 6/6
  3959 | D:4      | You fall into a shaft and drop 1 floor!
  3959 | D:5      | Entered Level 5 of the Dungeon
  4074 | D:5      | Identified the amulet "Sesoo" {Spirit Rampage}
  4424 | D:4      | Reached skill level 5 in Shields
  4424 | D:4      | Reached XP level 7. HP: 34/43 MP: 7/7
  4606 | D:5      | Reached skill level 5 in Armour
  4856 | D:6      | Got Deviofuh's Papyrus of Earthen Snow
  4892 | D:6      | Reached XP level 8. HP: 17/48 MP: 3/8
  5575 | D:6      | Found a sacrificial altar of Ru.
  5785 | D:7      | Found a staircase to the Ecumenical Temple.
  5797 | Temple   | Entered the Ecumenical Temple
  5876 | Temple   | Became a worshipper of Warmaster Okawaru
  6005 | D:7      | Found a sand-covered staircase.
  6011 | Ossuary  | Entered an ossuary
  6106 | Ossuary  | Reached skill level 5 in Long Blades
  6316 | D:7      | Reached skill level 5 in Fighting
  6479 | D:7      | Noticed a two-headed ogre
  6486 | D:7      | Killed a two-headed ogre
  6487 | D:7      | Reached XP level 9. HP: 4/54 MP: 1/9
  6492 | D:7      | Slain by a wight

Illustrated notes

Levels and vault maps discovered:
D:1:      mrwooster_arrival_statue_2, layout_rooms
D:2:      layout_basic, minmay_fractal_squares_5
D:3:      wad_crossroads, layout_basic, nicolae_overflow_hidden_temple,
          interstate_on_off
D:4:      layout_loops_ring, serial_rivers, chequers_serial_rivers_micro_c,
          chequers_serial_rivers_small_b, chequers_serial_rivers_micro_b,
          chequers_serial_rivers_micro_d, chequers_serial_rivers_large_b,
          chequers_serial_rivers_micro_a
D:5:      layout_rooms, kennysheep_generic_room_12
D:6:      layout_basic, mainiacjoe_overflow_paths
D:7:      layout_loops_ring, minmay_temple_entry_butterflies,
          nicolae_ossuary_entry_plus, minmay_misc_feat_rugged
Temple:   dpeg_five_rooms_temple

Skill      XL: |  1  2  3  4  5  6  7  8 |
---------------+-------------------------+-----
Long Blades    | 2 3 4 5 |  5.6
Shields        | 4 5 7 |  7.1
Armour         | 4 5 7 |  7.0
Dodging        | 1 2 3 |  3.0
Evocations     | 1 2 4 |  4.6
Fighting       | 4 5 |  5.4

Action                   |  1- 3 |  4- 6 |  7- 9 || total
-------------------------+-------+-------+-------++-------
Melee: Long sword        |   151 |   270 |   131 ||   552
  Use: Scroll            |     3 |     4 |    13 ||    20
       Potion            |       |     1 |     2 ||     3
 Stab: Distracted        |       |       |     1 ||     1
Armor: Scale mail        |    99 |   163 |    68 ||   330
Dodge: Dodged            |    73 |   144 |    46 ||   263
Block: Buckler           |    31 |    60 |    26 ||   117

Table legend: (Time is in decaauts)
 A = Elapsed time spent in this place.
 B = Non-inter-level travel time spent in this place.
 C = Inter-level travel time spent in this place.
 D = Time resting spent in this place.
 E = Time spent auto-exploring this place.
 F = Levels seen in this place.
 G = Mean time per level.
                   A        B        C        D        E       F      G
               +--------+--------+--------+--------+--------+-----+--------+
         Total |   6661 |   6494 |    167 |    253 |   4634 |   9 |  740.1 |
       Dungeon |   6373 |   6254 |    119 |    253 |   4507 |   7 |  910.4 |
        Temple |    128 |     80 |     48 |      0 |     68 |   1 |  128.0 |
       Ossuary |    159 |    159 |      0 |      0 |     59 |   1 |  159.0 |
               +--------+--------+--------+--------+--------+-----+--------+

Top non-repeatable levels by time:
     D:2: 1491 daAuts
     D:3: 1245 daAuts
     D:4: 897 daAuts
     D:1: 887 daAuts
     D:6: 720 daAuts
     D:5: 701 daAuts
     D:7: 430 daAuts
 Ossuary: 159 daAuts
  Temple: 128 daAuts
